 Dungeon Crawl Stone Soup version 0.23-a0-419-g0174fd8 (webtiles) character file.

6016 wilfster70 the Thaumaturge (level 10, -3/60 HPs)
             Began as a Deep Elf Fire Elementalist on Nov 12, 2018.
             Was a Follower of Vehumet.
             Slain by a fire elemental (13 damage)
             ... on level 1 of the Lair of Beasts.
             The game lasted 00:52:46 (12244 turns).

wilfster70 the Thaumaturge (DEFE)                  Turns: 12244, Time: 00:52:47

Health: -3/60      AC:  9    Str:  5    XL:     10   Next: 56%
Magic:  27/27      EV: 16    Int: 24    God:    Vehumet [*.....]
Gold:   365        SH:  0    Dex: 15    Spells: 18/31 levels left

rFire    . . .     SeeInvis .   b - +0 fustibalus
rCold    . . .     Gourm    .   (no shield)
rNeg     . . .     Faith    .   d - +0 robe
rPois    .         Spirit   .   h - +2 helmet
rElec    .         Reflect  .   l - +2 cloak
rCorr    .         Harm     .   (no gloves)
MR       +....                  F - +0 pair of boots
Stlth    ++........             (no amulet)
HPRegen  0.20/turn              (no ring)
MPRegen  0.20/turn              (no ring)

@: very slightly contaminated
A: no striking features
a: Renounce Religion


You were on level 1 of the Lair of Beasts.
You worshipped Vehumet.
Vehumet was aware of your devotion.
You were hungry.

You visited 3 branches of the dungeon, and saw 11 of its levels.
You also visited: Sewer.

You collected 365 gold pieces.

Inventory:

Hand Weapons
 a - a +2 demon whip of electrocution
 b - a +0 fustibalus (weapon)
 c - a +0 shortbow
Missiles
 e - 164 stones
 q - 267 arrows
 y - a throwing net
 A - 38 sling bullets (quivered)
Armour
 d - a +0 robe (worn)
 h - a +2 helmet (worn)
 l - a +2 cloak (worn)
 n - a scarf of cloud immunity
 F - a +0 pair of boots (worn)
Jewellery
 D - an uncursed amulet of rage {unknown}
Wands
 p - a wand of enslavement (10)
Scrolls
 g - a scroll of fear
 o - 4 scrolls of remove curse
 s - 3 scrolls of teleportation
 w - 2 scrolls of fog
 z - 3 scrolls of amnesia
 G - a scroll of immolation
Potions
 f - a potion of brilliance {unknown}
 j - a potion of might
 k - 2 potions of ambrosia
 m - a potion of degeneration {unknown}
 r - a potion of resistance {unknown}
 t - a potion of magic
 u - 2 potions of haste {unknown}
 v - a potion of lignification {unknown}
 x - 2 potions of curing
 B - 2 potions of heal wounds {unknown}
 C - 3 potions of agility
Comestibles
 i - 23 rations


   Skills:
 + Level 6.2 Fighting
 + Level 5.7 Slings
 - Level 7.0 Dodging
 - Level 2.4 Stealth
 - Level 11.0 Spellcasting
 - Level 6.0 Conjurations
 - Level 6.0 Fire Magic


You had 18 spell levels left.
You knew the following spells:

 Your Spells              Type           Power        Failure   Level  Hunger
a - Flame Tongue          Conj/Fire      #####        1%          1    None
b - Conjure Flame         Conj/Fire      #####...     1%          3    None
c - Sticky Flame          Conj/Fire      #####...     4%          4    None
d - Fireball              Conj/Fire      #####.....   11%         5    ####...

Your spell library contained the following spells:

 Spells                   Type           Power        Failure   Level  Hunger
 Shock                    Conj/Air       ####         1%          1    None
 Throw Flame              Conj/Fire      #####.       1%          2    None
 Inner Flame              Hex/Fire       ####....     4%          3    None
 Static Discharge         Conj/Air       ####....     4%          3    None
 Swiftness                Chrm/Air       ##......     7%          2    None
 Lightning Bolt           Conj/Air       ####......   36%         5    ####...
 Airstrike                Air            ##........   43%         4    None


Dungeon Overview and Level Annotations

Branches:
Dungeon (9/15)             Temple (1/1) D:7            Lair (1/6) D:9
    Orc: D:9-12

Altars:
Ashenzari
Cheibriados
Dithmenos
Kikubaaqudgha
Makhleb
Uskayaw
Vehumet
Yredelemnul
Zin
The Shining One

Shops:
D:8 %

Annotations:
D:9 1 runed door


Message History

* * * LOW HITPOINT WARNING * * *
The fire elemental misses you.
You see here a robe.
The fire elemental hits you. The fire elemental burns you!
* * * LOW HITPOINT WARNING * * *
Blink to where?
Press: ? - help, Dir - move target cursor You are very lightly contaminated with residual magic.
As you read the scroll of blinking, it crumbles to dust.
Okay, then.
You feel better. The fire elemental hits you. The fire elemental burns you!
* * * LOW HITPOINT WARNING * * *
Firing (i - inventory. (/) - cycle)
A - 39 sling bullets (quivered)
Press: ? - help, Shift-Dir - straight line, f - fire elemental
Aim: a fire elemental (lightly damaged)
You shoot a sling bullet.
The sling bullet hits the fire elemental!
The fire elemental is moderately damaged.
The fire elemental hits you. The fire elemental burns you!
You die...

##...#.........#.###...
........................###§.
.....≈≈≈...............#..#.#§.
#..#.≈#≈.............#..§§§.§..
.##..#.≈≈≈...............#..###..
..#....................###..###..
....#..............§..P#...##...
#..#.............§...###..###..
#..#..........@E§...## #..##...
###...................# #..###..
..................#...# ##..###..
###...................###P.......
####............#.#.......###..
#............#.######..P##..
##........>.....# #...##..
#...............#### ######..
##.....#..##....<..# #..


You could see a fire elemental.

Vanquished Creatures
  A two-headed ogre (D:8)
  A spiny frog (Lair:1)
  A troll (D:9)
  A hippogriff (D:5)
  Sigmund (D:4)
  An acid dragon (D:7)
  A water moccasin (D:7)
  2 black bears
  A hornet zombie (D:7)
  3 sky beasts
  6 ogres
  An ice beast (D:7)
  A necrophage (D:9)
  5 centaurs
  A big kobold (D:8)
  6 bullfrogs
  A water moccasin skeleton (D:3)
  2 scorpions
  5 wights (D:7)
  4 killer bees (D:8)
  A howler monkey (D:4)
  2 crimson imps
  2 quasits
  2 jellies
  7 hounds
  4 orc priests
  Crazy Yiuf (D:2)
  Jessica (D:2)
  3 iguanas
  11 worker ants
  Natasha (thrice) (D:2)
  6 orc wizards
  3 hound skeletons
  A worker ant zombie (D:9)
  A howler monkey zombie (D:6)
  27 adders
  A shadow imp (D:5)
  12 oozes
  An adder skeleton (D:9)
  4 worms
  2 dart slugs
  14 leopard geckos
  25 orcs
  13 giant cockroaches
  6 goblins
  4 hobgoblins
  4 jackals (D:8)
  3 quokkas
  7 ball pythons (Sewer)
  3 bats
  10 frilled lizards
  9 kobolds
  9 rats
247 creatures vanquished.

Notes
Turn   | Place    | Note
-------+----------+-------------------------------------------
     0 | D:1      | wilfster70 the Deep Elf Fire Elementalist began the quest
                  | for the Orb.
     0 | D:1      | Reached XP level 1. HP: 10/10 MP: 6/6
   488 | D:1      | Reached XP level 2. HP: 12/15 MP: 4/8
  1120 | D:2      | Reached XP level 3. HP: 19/19 MP: 8/10
  1130 | D:2      | Learned a level 3 spell: Conjure Flame
  1175 | D:2      | Noticed Jessica
  1224 | D:2      | Killed Jessica
  1224 | D:2      | Reached skill level 4 in Spellcasting
  1233 | D:2      | Reached XP level 4. HP: 20/24 MP: 6/12
  1368 | D:2      | Found a runed door.
  1372 | D:2      | Noticed Crazy Yiuf
  1379 | D:2      | Killed Crazy Yiuf
  1776 | D:2      | Learned a level 4 spell: Sticky Flame
  1825 | D:2      | Noticed Natasha
  1834 | D:2      | Killed Natasha
  1834 | D:2      | Reached XP level 5. HP: 12/28 MP: 4/14
  1846 | D:2      | Noticed Natasha
  1854 | D:2      | Killed Natasha
  1854 | D:2      | Reached skill level 5 in Spellcasting
  2117 | D:2      | Noticed Natasha
  2122 | D:2      | Killed Natasha
  2433 | D:3      | Reached skill level 5 in Fire Magic
  2433 | D:3      | Reached XP level 6. HP: 3/32 MP: 5/16
  2755 | D:3      | Found a glowing drain.
  2800 | Sewer    | Entered a sewer
  3220 | Sewer    | Reached skill level 6 in Spellcasting
  3290 | Sewer    | Reached XP level 7. HP: 17/36 MP: 7/18
  3772 | D:3      | Reached skill level 5 in Conjurations
  4737 | D:4      | Reached skill level 7 in Spellcasting
  4998 | D:5      | Entered Level 5 of the Dungeon
  5146 | D:5      | Reached skill level 8 in Spellcasting
  5202 | D:5      | Reached XP level 8. HP: 41/41 MP: 17/22
  5879 | D:4      | Noticed Sigmund
  5885 | D:4      | Killed Sigmund
  5885 | D:4      | Reached skill level 9 in Spellcasting
  6273 | D:5      | Noticed a hippogriff
  6282 | D:5      | Killed a hippogriff
  6282 | D:5      | Reached skill level 1 in Fighting
  6282 | D:5      | Reached skill level 10 in Spellcasting
  6447 | D:5      | Found a burning altar of Makhleb.
  7445 | D:6      | Learned a level 5 spell: Fireball
  7734 | D:6      | Reached skill level 11 in Spellcasting
  7754 | D:6      | Reached XP level 9. HP: 36/48 MP: 15/26
  8002 | D:7      | Reached skill level 1 in Slings
  8245 | D:7      | Reached skill level 5 in Dodging
  8670 | D:7      | Found a staircase to the Ecumenical Temple.
  8680 | Temple   | Entered the Ecumenical Temple
  8727 | Temple   | Became a worshipper of Vehumet
 10390 | D:8      | Reached XP level 10. HP: 58/58 MP: 20/27
 10677 | D:8      | Noticed a two-headed ogre
 10695 | D:8      | Killed a two-headed ogre
 10695 | D:8      | Reached skill level 5 in Fighting
 10712 | D:8      | Found Wouxt's Food Shop.
 10978 | D:9      | Found a runed door.
 11211 | D:9      | Reached * piety under Vehumet
 11211 | D:9      | Offered knowledge of Shock by Vehumet.
 11350 | D:9      | Reached skill level 5 in Slings
 11465 | D:9      | Found a snail-covered altar of Cheibriados.
 11492 | D:9      | Found a staircase to the Lair.
 11724 | Lair:1   | Entered Level 1 of the Lair of Beasts
 11725 | Lair:1   | Noticed a spiny frog
 11785 | Lair:1   | HP: 2/60 [poisoned by a spiny frog]
 11785 | Lair:1   | Killed a spiny frog
 12224 | Lair:1   | HP: 2/60 [fire elemental (14)]
 12244 | Lair:1   | Slain by a fire elemental

Vault maps used:
D:1:      lightli_arrival_flooded_house
D:2:      cheibrodos_old_hovel, uniq_natasha, uniq_crazy_yiuf_cottage,
          uniq_jessica
D:3:      minmay_diamond_boxcup, first_ration, portal_sewer_entry_f,
          bh_walls_and_bars
D:4:      serial_co_window_serial, co_window_paths_a, co_window_paths_a,
          co_window_corner_a, co_window_paths_b, co_window_paths_b,
          co_window_paths_b, co_window_paths_a, co_window_paths_a,
          co_window_of_opportunity_a, co_window_paths_c, co_window_broadway_c,
          co_window_2corner, co_window_sun, glass_columns_b, glass_columns_b,
          glass_columns_b, uniq_sigmund
D:5:      lemuel_statue_altar
D:6:      lightli_corner_chamber
D:7:      minmay_opposing_rooms, minmay_temple_entry_crystal_x, grunt_ogre_cave,
          hangedman_minor_gate_pass
D:8:      serial_shops, nicolae_shop_behind_doors, serial_rivers,
          chequers_serial_rivers_large_a, chequers_serial_rivers_large_b,
          chequers_serial_rivers_small_a, chequers_serial_rivers_micro_e,
          chequers_serial_rivers_micro_a, chequers_serial_rivers_room_b
D:9:      overflow_temple_1_default, lair_entry_dummy, minmay_st_funbox,
          minmay_misc_feat_enclosed, minmay_misc_feat_secret_circle,
          minivault_25, kennysheep_generic_room_12
Temple:   roderic_octagonal_lattice_temple
Lair:1:   gammafunk_ghost_grave, uniq_erica
Sewer:    sewer_frog_island_02

Skill      XL: |  1  2  3  4  5  6  7  8  9 10 |
---------------+-------------------------------+-----
Conjurations   | 2 3 4 5 6 |  6.0
Spellcasting   | 4 5 6 8 11 | 11.0
Fire Magic     | 4 5 6 |  6.0
Fighting       | 2 4 6 |  6.2
Dodging        | 4 7 |  7.0
Slings         | 3 5 |  5.7
Stealth        | |  2.4

Action                   |  1- 3 |  4- 6 |  7- 9 | 10-12 || total
-------------------------+-------+-------+-------+-------++-------
Melee: Quarterstaff      |       |     4 |    23 |       ||    27
       Demon whip        |       |       |       |    18 ||    18
 Fire: Fustibalus        |       |       |    55 |    12 ||    67
Throw: Stone             |     6 |       |     4 |       ||    10
 Cast: Flame Tongue      |    42 |   115 |   264 |    70 ||   491
       Conjure Flame     |       |     1 |     7 |     1 ||     9
       Sticky Flame      |       |     1 |    28 |    19 ||    48
       Fireball          |       |       |     2 |     1 ||     3
  Use: Potion            |       |     1 |       |     2 ||     3
       Scroll            |       |     1 |    17 |     4 ||    22
 Stab: Paralysed         |       |       |     4 |       ||     4
  Eat: Chunk             |     1 |     6 |    19 |     5 ||    31
       Ration            |       |       |     1 |       ||     1
Armor: Robe              |       |     8 |    40 |    30 ||    78
Dodge: Dodged            |    11 |    38 |   129 |    74 ||   252

Table legend:
 A = Non-vault XP
 B = Vault XP
 C = Vault XP percentage of total XP
 D = Non-vault monster count
 E = Vault monster count
 F = Vault count percentage of total count
                 A         B        C        D         E       F
            +---------+---------+-------+---------+---------+-------
      Total |    6815 |    1780 |  20.7 |     174 |      73 |  29.6
            +---------+---------+-------+---------+---------+-------
        D:1 |      18 |       0 |   0.0 |      12 |       0 |   0.0
        D:2 |     173 |     122 |  41.4 |      20 |       4 |  16.7
        D:3 |     259 |      34 |  11.6 |      27 |       9 |  25.0
        D:4 |     305 |     231 |  43.1 |      14 |       1 |   6.7
        D:5 |     760 |       0 |   0.0 |      16 |       0 |   0.0
        D:6 |     592 |       0 |   0.0 |      17 |       0 |   0.0
        D:7 |    1117 |     988 |  46.9 |      21 |      12 |  36.4
        D:8 |    1779 |       0 |   0.0 |      20 |       0 |   0.0
        D:9 |    1327 |       0 |   0.0 |      25 |       0 |   0.0
     Lair:1 |     485 |       0 |   0.0 |       2 |       0 |   0.0
      Sewer |       0 |     405 | 100.0 |       0 |      47 | 100.0
            +---------+---------+-------+---------+---------+-------
